[Event "Late-Titled-Tuesday-Blitz-March-19-2024"]
[Site "Chess.com"]
[Date "2024.03.19"]
[Round "8"]
[White "simaopdias"]
[Black "IngOscarArdila"]
[Result "1-0"]
[WhiteElo "2283"]
[BlackElo "2367"]
[TimeControl "180+1"]
[EndTime "15:28:05 PDT"]
[Termination "simaopdias won by checkmate"]

1. e4 e5 2. Nf3 Nf6 3. Bc4 Nxe4 4. O-O d5 5. Bb3 Nc6 6. Re1 Bc5 7. d4 exd4 8. Nbd2 f5 9. Ba4 O-O 10. Bxc6 bxc6 11. Nb3 Bb4 12. Bd2 Bxd2 13. Nfxd2 Qf6 14. f3 Nxd2 15. Qxd2 Bd7 16. Qxd4 Qxd4+ 17. Nxd4 c5 18. Nb3 c4 19. Nc5 Rad8 20. Re7 Rf7 21. Rae1 Kf8 22.
R7e5 Bc8 23. Kf2 g6 24. c3 Kg7 25. f4 d4 26. g3 d3 27. Ke3 Kf6 28. Kd2 h6 29.
Re8 Rf8 30. R8e7 g5 31. Rh7 Kg6 32. Ree7 Rde8 33. Reg7+ Kf6 34. Rxc7 Re2+ 35. Kd1 gxf4 36. gxf4 Kg6 37. Rcg7+ Kf6 38. Rxa7 Rg8 39. Raf7+ Kg6 40. Rc7 Kh5 41. Rhg7 Rxg7 42. Rxg7 Rxh2 43. Rc7 Rxb2 44.
Rxc8 Rxa2 45. Nd7 Ra4 46. Ne5 Kh4 47. Rg8 h5 48. Nf3+ Kh3 49. Kd2 h4 50. Ke3 Ra2 51.
Nd2 Rc2 52. Nxc4 Rxc3 53. Nd2 Ra3 54. Rg5 Ra4 55. Kxd3 Rxf4 56. Ke3 Rg4 57. Rxf5 Rg3+ 58. Nf3 Kg2 59. Ke2 h3 60. Ne1+ Kg1 61. Rf1+ Kh2 62.
Nf3+ Kg2 63. Rg1# 1-0

[Event "Late-Titled-Tuesday-Blitz-March-19-2024"]
[Site "Chess.com"]
[Date "2024.03.19"]
[Round "8"]
[White "Keks2017"]
[Black "Meri-Arabidze"]
[Result "1/2-1/2"]
[WhiteElo "2584"]
[BlackElo "2675"]
[TimeControl "180+1"]
[EndTime "15:28:06 PDT"]
[Termination "Game drawn by repetition"]

1. g3 e5 2. Bg2 Nc6 3. d3 d5 4.
Nf3 Nf6 5. O-O Bd6 6. c3 O-O 7. Qc2 Bf5 8. Nh4 Be6 9. Nd2 h6 10. e4 Qd7 11. b4 a6 12. a3 Bh3 13. Bb2 Ne7 14. Rfe1 Bxg2 15. Kxg2 c6 16. c4 d4 17. c5 Bc7 18. Nc4 Nh5 19. Qe2 g6 20. Bc1 Kh7 21.
Rf1 Rae8 22. Bd2 Ng8 23. Rae1 Bd8 24. Nf3 Bc7 25. Ng1 Ngf6 26. Qd1 Re6 27. Ne2 Ng7 28.
h3 Nfh5 29. f4 exf4 30. Nxf4 Nxf4+ 31. Bxf4 Bxf4 32. Rxf4 f5 33. Nd6 Ref6 34. Qa1 Nh5 35. Rff1 f4 36. g4 f3+ 37. Kh2 f2 38. Re2 Rf3 39.
Qxd4 Nf4 40. Re3 Rxe3 41. Qxe3 g5 42. Rxf2 Qe6 43. d4 Rf6 44. Rd2 Rf8 45. d5 cxd5 46. Qd4 h5 47. exd5 Qg6 48. Nf5 hxg4 49. hxg4 Rxf5 50.
gxf5 Qh5+ 51. Kg1 Qg4+ 52. Kf1 Qf3+ 53. Kg1 Qg4+ 54. Kf1 Qf3+ 55. Kg1 Qg4+ 1/2-1/2

[Event "Late-Titled-Tuesday-Blitz-March-19-2024"]
[Site "Chess.com"]
[Date "2024.03.19"]
[Round "8"]
[White "xakevicius91"]
[Black "Kombinator01"]
[Result "0-1"]
[WhiteElo "2549"]
[BlackElo "2445"]
[TimeControl "180+1"]
[EndTime "15:28:07 PDT"]
[Termination "Kombinator01 won on time"]

1. e4 e5 2. Nf3 Nf6 3. Nxe5 Nxe4 4. Be2 Nc6 5. Nf3 d5 6. O-O Bd6 7. d3 Nf6 8. c4 h6 9. Nc3 O-O 10. b3 d4 11. Nb5 Bc5 12. Bf4 Bb6 13. Ne5 Nxe5 14.
Bxe5 a6 15. Na3 Re8 16. Bg3 Qe7 17. Bf3 Qxa3 18. Qc2 c6 19. Bh4 Qd6 20. Bg3 Qc5 21. h3 Bf5 22. a3 a5 23. b4 axb4 24. axb4 Qxb4 25. Rab1 Qc5 26. Qb3 Ra6 27. Kh2 Rea8 28. Rfd1 Bc8 29. Kg1 Bd8 30. Re1 Ra3 31. Qc2 Be6 32.
Qd2 Ra2 33. Qf4 Qf5 34. Qc1 Qxd3 35. Be5 Qf5 36. Bxd4 R2a3 37. Rxb7 Rxf3 38. gxf3 Qxh3 39. Qf4 Nh5 40. Qe4 Bg5 41. Be5 Re8 42. Qxc6 Rf8 43. Qe4 Qf5 44. Qxf5 Bxf5 45. c5 Rc8 46. f4 Nxf4 47.
Bxf4 Bxf4 48. Rb5 Bd3 49. Rb3 Bc4 50. Rc3 Rxc5 51. Re4 Rg5+ 0-1

[Event "Late-Titled-Tuesday-Blitz-March-19-2024"]
[Site "Chess.com"]
[Date "2024.03.19"]
[Round "8"]
[White "vladislavkovalev"]
[Black "only_strong_moves"]
[Result "1-0"]
[WhiteElo "2882"]
[BlackElo "2667"]
[TimeControl "180+1"]
[EndTime "15:28:08 PDT"]
[Termination "vladislavkovalev won by checkmate"]

1. e4 e5 2. Nf3 Nc6 3. Bb5 a6 4. Ba4 Nge7 5. O-O Ng6 6. c3 d5 7. exd5 Qxd5 8. d4 Bg4 9. Bb3 Qd7 10. h3 Bh5 11. g4 Bxg4 12. hxg4 Qxg4+ 13. Kh1 Bd6 14. Nh2 Qd7 15. dxe5 Ncxe5 16. f4 Nc6 17.
Qg4 f5 18. Re1+ Nce7 19. Qf3 c6 20. Na3 Qc7 21. Nc4 O-O-O 22. Be3 Nd5 23. Nxd6+ Rxd6 24. Bxd5 Rxd5 25. Rad1 Re8 26. Rxd5 cxd5 27. Qh5 Qf7 28.
Nf3 Qf6 29. Qg5 Qf7 30. Kg2 Re4 31. Kf2 Qf8 32. Nd2 Re6 33. Bd4 Rxe1 34. Kxe1 Qe8+ 35.
Kf2 Qe6 36. Qg3 Kd7 37. Bxg7 Qb6+ 38. Qe3 Qxb2 39. Bd4 Qb5 40. Nf3 Qc4 41. Ne5+ Nxe5 42. Qxe5 Qxa2+ 43. Kg3 Qb1 44. Qxd5+ Kc8 45. Qe6+ Kc7 46.
Be5+ Kd8 47. Qg8+ Kd7 48. Qxh7+ Kc6 49. Qg6+ Kb5 50. Qe8+ Kc4 51. Qc8+ Kd5 52. Qd7+ Ke4 53. Qd4# 1-0

[Event "Late-Titled-Tuesday-Blitz-March-19-2024"]
[Site "Chess.com"]
[Date "2024.03.19"]
[Round "8"]
[White "AsterPhoenix"]
[Black "Igrok3069"]
[Result "0-1"]
[WhiteElo "2659"]
[BlackElo "2873"]
[TimeControl "180+1"]
[EndTime "15:28:10 PDT"]
[Termination "Igrok3069 won by resignation"]

1. e4 e5 2. Nf3 Nc6 3. d4 exd4 4. Nxd4 Qf6 5. Be3 Bc5 6. c3 Nge7 7. Be2 O-O 8. O-O d5 9. Nxc6 Qxc6 10. exd5 Nxd5 11.
Bxc5 Qxc5 12. Bf3 Be6 13. Nd2 Rad8 14. Nb3 Qb6 15. Qd4 c6 16. Qxb6 axb6 17. Nd4 Nf4 18. Nxe6 fxe6 19. Rfd1 Nd3 20. b3 Nf4 21. Kf1 Kf7 22.
Rxd8 Rxd8 23. Rd1 Rxd1+ 24. Bxd1 Nd5 25. c4 Nc3 26. Bc2 Nxa2 27. h4 h6 28. Ke2 Nb4 29.
Be4 Na6 30. Ke3 Kf6 31. f4 e5 32. g3 Nc5 33. Bc2 Ne6 34. Ke4 exf4 35. gxf4 Nf8 36.
Bd1 Ng6 37. Bg4 Nxh4 38. Bc8 c5 39. Bxb7 Nf5 40. Kd3 g5 41. fxg5+ hxg5 42. Kc3 Ke5 43. b4 Nd6 44. Bh1 g4 45. bxc5 bxc5 46. Kd3 Kf4 47.
Bd5 g3 48. Ke2 Nf5 49. Bg2 Ne3 50. Bd5 Nxd5 51. cxd5 Ke5 52. Kf3 Kxd5 53. Kxg3 Kd4 54. Kf2 Kd3 55. Ke1 Kc2 56. Ke2 c4 0-1

[Event "Late-Titled-Tuesday-Blitz-March-19-2024"]
[Site "Chess.com"]
[Date "2024.03.19"]
[Round "8"]
[White "Blitzstream"]
[Black "Yeritsyaan"]
[Result "1-0"]
[WhiteElo "2844"]
[BlackElo "2675"]
[TimeControl "180+1"]
[EndTime "15:28:10 PDT"]
[Termination "Blitzstream won by checkmate"]

1. e4 c5 2. Nf3 d6 3. d4 cxd4 4.
Nxd4 Nf6 5. Nc3 g6 6. g4 Bxg4 7. f3 Bd7 8. Be3 Bg7 9. Qd2 Nc6 10. O-O-O Rc8 11. h4 h5 12. Kb1 a6 13.
Rg1 b5 14. Be2 Ne5 15. Nd5 Nxd5 16. exd5 Nc4 17. Bxc4 Rxc4 18. f4 Qc7 19. f5 Bxd4 20.
Bxd4 Bxf5 21. Ka1 Rxc2 22. Qg5 Rf8 23. Rge1 e5 24. Bxe5 dxe5 25. d6 f6 26. Rxe5+ Kf7 27. Qh6 Rh8 28. Qe3 Qc6 29. Re7+ Kf8 30. d7 Bxd7 31.
Rexd7 Qc5 32. Qf4 Ke8 33. Qb8+ Qc8 34. Rd8+ Ke7 35. Qd6+ Kf7 36. Rxc8 Rhxc8 37. a3 R2c6 38. Qd7+ Kg8 39. Re1 R6c7 40. Qd5+ Kg7 41. Re6 Rf7 42. Rxa6 b4 43. axb4 Rfc7 44. b5 Rc5 45. Qd7+ Kh6 46. Rxf6 Rc1+ 47. Ka2 Ra8+ 48. Ra6 Rac8 49.
Qd3 R1c4 50. Qxg6# 1-0

[Event "Late-Titled-Tuesday-Blitz-March-19-2024"]
[Site "Chess.com"]
[Date "2024.03.19"]
[Round "8"]
[White "mac0504"]
[Black "Lion-Al-Messi"]
[Result "1-0"]
[WhiteElo "2713"]
[BlackElo "2580"]
[TimeControl "180+1"]
[EndTime "15:28:11 PDT"]
[Termination "mac0504 won on time"]

1. Nf3 Nf6 2. g3 b6 3. Bg2 Bb7 4. O-O e6 5. a4 Be7 6. a5 bxa5 7. Rxa5 O-O 8. d3 c5 9. Ra1 Nc6 10. Nc3 d5 11. e4 d4 12. Na4 e5 13. b3 Nd7 14. Nd2 Nb4 15. Nc4 Ba6 16. Nab2 Bb5 17. f4 Qc7 18. Rf2 f6 19. Qg4 Rae8 20. h4 Kh8 21. f5 Nb6 22. Qh5 Nxc4 23. Nxc4 Bxc4 24. bxc4 Rb8 25. g4 Qc6 26. g5 fxg5 27. hxg5 g6 28.
Qh3 Rb7 29. f6 Bd8 30. Bf3 a5 31. Bg4 a4 32. Ba3 Qe8 33. Kg2 h5 34. Be6 Rh7 35.
Raf1 Rb7 36. Bd5 Rb6 37. Qc8 Na6 38. Bxc5 Nxc5 39. Qxc5 Ra6 40. Qc8 Ra7 41. Bc6 Qf7 42. Bd5 Qe8 43. Ra1 a3 44. Qc5 Ra6 45. Rxa3 Rxa3 46.
Qxa3 Bc7 47. Qa7 Qc8 48. Kh2 h4 49. Rg2 Qd7 50. Be6 Qd6 51. Bd5 Qd7 52. Be6 Qd6 53. Rg4 1-0

[Event "Late-Titled-Tuesday-Blitz-March-19-2024"]
[Site "Chess.com"]
[Date "2024.03.19"]
[Round "8"]
[White "dolynachess"]
[Black "Goryachkina"]
[Result "0-1"]
[WhiteElo "2520"]
[BlackElo "2659"]
[TimeControl "180+1"]
[EndTime "15:28:12 PDT"]
[Termination "Goryachkina won by checkmate"]

1. d4 Nf6 2. c4 e6 3. g3 d5 4. Bg2 Bb4+ 5. Nd2 O-O 6. Nf3 b6 7. O-O Bb7 8. Qc2 Be7 9. Rd1 Qc8 10. b3 dxc4 11. Nxc4 Be4 12. Qd2 Qb7 13. Bb2 Nbd7 14. Rac1 a5 15. Ne1 Bxg2 16. Nxg2 h6 17. Qc2 c5 18. dxc5 Bxc5 19. Ne1 Rac8 20. Qd3 b5 21.
Nd2 Ng4 22. Ne4 Bb6 23. Rxc8 Rxc8 24. Qxd7 Qxe4 25. Qxc8+ Kh7 26. e3 Bxe3 27. Qc2 Bxf2+ 28. Kf1 Ne3+ 29. Kxf2 Nxc2 30. Bc3 Nxe1 31. Rxe1 Qc2+ 32. Re2 Qxc3 33. Kf1 a4 34. bxa4 bxa4 35. Kf2 a3 36.
Kf1 e5 37. Kf2 f5 38. h4 e4 39. Kg2 Qd3 40. Kf2 g5 41. Ke1 f4 42. hxg5 hxg5 43. gxf4 gxf4 44. Rd2 Qxd2+ 45. Kxd2 Kg6 46. Kc3 Kf5 47.
Kb3 f3 48. Kxa3 f2 49. Kb3 f1=Q 50. a4 Qb1+ 51. Kc4 Qc2+ 52. Kb5 e3 53. a5 e2 54.
a6 e1=Q 55. a7 Qeb1+ 56. Ka6 Qca2# 0-1

[Event "Late-Titled-Tuesday-Blitz-March-19-2024"]
[Site "Chess.com"]
[Date "2024.03.19"]
[Round "8"]
[White "ArchibaldCerveza29"]
[Black "lluiss"]
[Result "1/2-1/2"]
[WhiteElo "2361"]
[BlackElo "2264"]
[TimeControl "180+1"]
[EndTime "15:28:13 PDT"]
[Termination "Game drawn by repetition"]

1. e4 c5 2. Nf3 d6 3. d4 cxd4 4. c3 dxc3 5. Nxc3 Nc6 6. Bc4 e6 7. O-O a6 8. Qe2 Be7 9. Rd1 Bd7 10. Bf4 e5 11. Be3 Nf6 12. h3 O-O 13. Rd2 Rc8 14. Bb3 Na5 15. Bd5 Nxd5 16. Nxd5 Nc4 17. Rd3 Nxe3 18.
Qxe3 Bc6 19. Nb6 Bb5 20. Nxc8 Qxc8 21. Rc3 Qe6 22. a4 Bc6 23. Rd1 f5 24. exf5 Qxf5 25. a5 Qg6 26. Ne1 Bh4 27. g3 Bg5 28. Qd3 Qh5 29.
h4 Be7 30. Rdc1 Qg6 31. Qxg6 hxg6 32. Rxc6 bxc6 33. Rxc6 Rb8 34. Nd3 Rb3 35. Rc7 Kf7 36. Ne1 Rxb2 37. Kg2 Rb5 38. Nf3 Rxa5 39. Ng5+ Ke8 40.
Rc8+ Kd7 41. Ra8 Bxg5 42. hxg5 Ke6 43. Ra7 Kf5 44. Rxg7 Kxg5 45. Rd7 Rd5 46. Ra7 Rd2 47. Kf3 d5 48. Rxa6 e4+ 49. Ke3 Rd3+ 50. Ke2 Kf5 51. Rd6 g5 52. Rd8 Rd4 53. Kf1 Rd1+ 54. Ke2 Rd3 55.
Rf8+ Kg4 56. Rd8 Rd4 57. Ke3 Rd3+ 58. Ke2 Rd4 59. Ke3 Rd3+ 60. Ke2 1/2-1/2

[Event "Late-Titled-Tuesday-Blitz-March-19-2024"]
[Site "Chess.com"]
[Date "2024.03.19"]
[Round "8"]
[White "Heliosis11"]
[Black "Piotrek1979"]
[Result "0-1"]
[WhiteElo "2260"]
[BlackElo "2491"]
[TimeControl "180+1"]
[EndTime "15:28:15 PDT"]
[Termination "Piotrek1979 won on time"]

1. e4 e6 2. d4 d5 3. Nc3 dxe4 4. Nxe4 Nd7 5. Nf3 Ngf6 6. Bd3 Nxe4 7. Bxe4 Nf6 8. Bd3 c5 9. Bg5 Qa5+ 10. Bd2 Qc7 11. O-O cxd4 12. Nxd4 a6 13. Re1 Bd6 14. h3 O-O 15. Bc3 Nd5 16. Bd2 Bh2+ 17. Kh1 Bf4 18. Be4 Bxd2 19. Qxd2 Nf6 20. Bd3 Bd7 21. Rad1 Rfd8 22.
Qe3 b5 23. c3 Rac8 24. Bb1 Qc5 25. Qd3 e5 26. Nf3 e4 27. Rxe4 Nxe4 28. Qxe4 g6 29. Nd4 Bf5 30. Qf4 Bxb1 31. Rxb1 b4 32. Nb3 Qd6 33.
Qxd6 Rxd6 34. cxb4 Rc2 35. a3 Rd3 36. Nc5 Rdd2 37.
Nxa6 Rxf2 38. Rg1 Rxb2 39. Nc5 Ra2 40. a4 Rfc2 41. a5 h5 42. a6 h4 43. Kh2 Kg7 44.
Kh1 f6 45. Ne6+ Kf7 46. Nd4 Rcb2 47. b5 g5 48. Rc1 Kg6 49. Rg1 Rb4 50. Rd1 Raa4 51.
Nc6 Rxb5 52. a7 Rc5 53. Rd6 Rc1+ 54. Kh2 Raa1 55. g4 Rc2+ 0-1

[Event "Late-Titled-Tuesday-Blitz-March-19-2024"]
[Site "Chess.com"]
[Date "2024.03.19"]
[Round "8"]
[White "ckgchess"]
[Black "Evandro_Barbosa"]
[Result "1-0"]
[WhiteElo "2932"]
[BlackElo "2732"]
[TimeControl "180+1"]
[EndTime "15:28:17 PDT"]
[Termination "ckgchess won by resignation"]

1. e4 c5 2. c3 Nf6 3. e5 Nd5 4. d4 cxd4 5. Bc4 e6 6. cxd4 d6 7. Nf3 Be7 8. O-O O-O 9. Qe2 b6 10. Bxd5 exd5 11. Rd1 Na6 12. Nc3 Nc7 13. h3 Ba6 14. Qc2 Re8 15. Bf4 Bf8 16. Rac1 h6 17. Qf5 Bc8 18. Qd3 Be6 19. Nb5 Nxb5 20. Qxb5 dxe5 21.
Nxe5 Rc8 22. Qa4 Qe7 23. Nc6 Qd7 24. Rc3 Qb7 25. Rdc1 b5 26. Qxa7 Qxa7 27. Nxa7 Rxc3 28. Rxc3 b4 29. Rc7 Ra8 30. f3 g5 31. Be5 Kh7 32. Kf2 Kg6 33. g4 h5 34. Ke3 h4 35.
Kd2 f6 36. Bh2 Bf7 37. Kc2 Re8 38. Kd2 Ra8 39. Rb7 Be6 40. Bb8 Bf7 41. Kc2 Be6 42. Kb3 f5 43. Rb6 Kf7 44. Nc6 Bd7 45. Ne5+ Ke8 46.
Bd6 fxg4 47. fxg4 Bg7 48. Nxd7 Kxd7 49. Rb7+ Kxd6 50. Rxg7 Rf8 51. Rxg5 Rf3+ 52. Kxb4 Rxh3 53. a4 Rg3 54. Rg6+ Kc7 55. Kc5 h3 56. Rh6 Rxg4 57. Rxh3 Rg2 58. b4 1-0

[Event "Late-Titled-Tuesday-Blitz-March-19-2024"]
[Site "Chess.com"]
[Date "2024.03.19"]
[Round "8"]
[White "ninguno46"]
[Black "Mariia89"]
[Result "1-0"]
[WhiteElo "2542"]
[BlackElo "2290"]
[TimeControl "180+1"]
[EndTime "15:28:17 PDT"]
[Termination "ninguno46 won on time"]

1. e4 c6 2. d4 d5 3. exd5 cxd5 4. Bd3 Nf6 5. c3 Bg4 6. Qb3 Qc8 7. h3 Bd7 8. Bf4 Nc6 9. Nd2 e6 10. Ngf3 Be7 11. O-O O-O 12. Rae1 a6 13. Ne5 b5 14. Bg5 Re8 15. Qc2 h6 16. Bh4 b4 17. f4 bxc3 18.
bxc3 Ne4 19. Bxe7 Nxd2 20. Qxd2 Nxe7 21. Rf3 Bb5 22. Bb1 Nc6 23. Qc2 f5 24. g4 Nxe5 25. fxe5 g6 26. Qd2 Kh7 27. Kh2 Ra7 28. Rg1 Rf7 29.
gxf5 gxf5 30. Rfg3 Ree7 31. Rg6 Qf8 32. h4 Bc4 33. h5 Rb7 34. R6g2 Rg7 35. Rxg7+ Rxg7 36. Rxg7+ Qxg7 37. Qf4 Qg5 38. Qf3 Qd2+ 39. Qg2 Qg5 40. Bc2 Qxh5+ 41. Kg1 Qg5 42. Kf2 Qxg2+ 43. Kxg2 Kg6 44. a4 Kg5 45. a5 h5 46. Ba4 Kg4 47.
Bd7 h4 48. Bxe6 h3+ 49. Kh2 Bf1 50. Bc8 Kg5 51. Bb7 Bg2 52. Bxa6 f4 53. Bd3 f3 54. a6 f2 55. a7 Be4 56. Bf1 Bg2 57. Be2 Bf1 58. Bxf1 Kf4 59. a8=Q Ke3 60. e6 1-0

[Event "Late-Titled-Tuesday-Blitz-March-19-2024"]
[Site "Chess.com"]
[Date "2024.03.19"]
[Round "8"]
[White "Romkachess"]
[Black "Pingah9"]
[Result "0-1"]
[WhiteElo "2690"]
[BlackElo "2592"]
[TimeControl "180+1"]
[EndTime "15:28:20 PDT"]
[Termination "Pingah9 won by checkmate"]

1. e4 g6 2. d4 Bg7 3. h4 h6 4. Nf3 c5 5. Nc3 cxd4 6. Nxd4 Nc6 7. Be3 d6 8. Bc4 Nf6 9. f3 Bd7 10. Qd2 Qa5 11. Nb3 Qd8 12. O-O-O a6 13. g4 Ne5 14. Be2 Be6 15. Nd4 Qd7 16. Nxe6 Qxe6 17. Nd5 Nxd5 18. Qxd5 Qxd5 19. Rxd5 Nc6 20. c3 Rc8 21.
Kb1 O-O 22. f4 Rfd8 23. Bb6 Re8 24. h5 Nb8 25. Be3 Nd7 26. Bf3 Nf6 27. Rd2 Rc4 28.
Rd4 Rc7 29. hxg6 fxg6 30. a4 Nd7 31. Rd5 Nf6 32. Rd4 Nd7 33. Rb4 Rec8 34. g5 hxg5 35. fxg5 Ne5 36. Bg2 Nc4 37. Bc1 Ne5 38. Bh3 Rb8 39.
Be6+ Kf8 40. Be3 b5 41. axb5 Rxb5 42. Rxb5 axb5 43. Kc2 b4 44. Ra1 Bh8 45. Ra8+ Kg7 46. Bd4 bxc3 47. bxc3 Kh7 48. Bg8+ Kg7 49. Bd5 Kh7 50.
Kd2 Nf3+ 51. Ke3 Bxd4+ 52. cxd4 Nxg5 53. Bg8+ Kg7 54. Bd5 e6 55. Ba2 Rc3+ 56. Kf4 Nf7 57. Bxe6 Nh6 58. Ra7+ Kf6 59. Bd5 g5# 0-1

[Event "Late-Titled-Tuesday-Blitz-March-19-2024"]
[Site "Chess.com"]
[Date "2024.03.19"]
[Round "8"]
[White "MagnusCarlsen"]
[Black "AryanTari"]
[Result "1-0"]
[WhiteElo "3258"]
[BlackElo "3023"]
[TimeControl "180+1"]
[EndTime "15:28:21 PDT"]
[Termination "MagnusCarlsen won by resignation"]

1. g3 e5 2. Bg2 d5 3. c4 dxc4 4. Qa4+ Nc6 5. Bxc6+ bxc6 6. Nf3 Bd6 7. Qxc6+ Bd7 8.
Qxc4 Nf6 9. Nc3 O-O 10. d3 Rb8 11. a3 h6 12. b4 Be6 13. Qh4 Be7 14. Bxh6 gxh6 15. Qxh6 Ng4 16. Qd2 Bf6 17. Rc1 Bg7 18.
Ne4 Bd5 19. h3 f5 20. hxg4 fxe4 21. dxe4 Bxe4 22. Qe3 Bxf3 23. exf3 Rf7 24. Ke2 e4 25. f4 Qd7 26. Kf1 Qxg4 27. Qxe4 Kf8 28. Kg2 Re8 29.
Qf3 Qxf3+ 30. Kxf3 Rd7 31. Rhd1 Red8 32. Rxd7 Rxd7 33. g4 Bb2 34. Rc4 Bxa3 35. g5 Bb2 36. Ke4 Re7+ 37. Kf5 Kg7 38. Kg4 Rd7 39. b5 Ba1 40.
Kh5 Rd5 41. Rxc7+ Kf8 42. Rxa7 Bd4 43. Rb7 Bxf2 44. Kg6 Rd6+ 45. Kh7 Rd4 46. f5 Rf4 47. Kg6 Be3 48. f6 Re4 49. Rb8+ Re8 50. Rxe8+ Kxe8 51. Kg7 Bd4 52. Kg8 1-0

[Event "Late-Titled-Tuesday-Blitz-March-19-2024"]
[Site "Chess.com"]
[Date "2024.03.19"]
[Round "8"]
[White "BardArtem"]
[Black "Baronessa08"]
[Result "1-0"]
[WhiteElo "2743"]
[BlackElo "2587"]
[TimeControl "180+1"]
[EndTime "15:28:22 PDT"]
[Termination "BardArtem won by resignation"]

1. e4 c5 2. d4 cxd4 3. Qxd4 Nc6 4. Qd3 d6 5. Nf3 g6 6. Nc3 Bg7 7. Be2 Nf6 8. O-O O-O 9. Nd5 Nd7 10. c3 a6 11. a4 e6 12. Ne3 Nc5 13. Qc2 a5 14.
Rd1 f5 15. exf5 gxf5 16. Bb5 Ne4 17. Nc4 Qc7 18. Bf4 e5 19. Be3 Be6 20. Nb6 Rad8 21. Nd5 Qf7 22. Bc4 Kh8 23. Ng5 Nxg5 24. Bxg5 Rc8 25.
f3 e4 26. Ba2 exf3 27. gxf3 Ne5 28. Qg2 Rg8 29. Kh1 Rc5 30. Ne7 Bxa2 31. Nxg8 Qxg8 32. b4 axb4 33. Qxa2 b3 34. Qg2 Rxc3 35. Rxd6 Nxf3 36. Rd8 b2 37. Rxg8+ Kxg8 38. Qxb2 Nxg5 39. Qxb7 h6 40. a5 Ne4 41. a6 Rc2 42. a7 Nf2+ 43. Kg1 Nh3+ 44.
Kf1 Rf2+ 45. Ke1 Bc3+ 46. Kd1 Rf1+ 47. Kc2 Rxa1 48. a8=Q+ Rxa8 49. Qxa8+ Kh7 50. Kxc3 Ng5 51. Kd4 Kg6 52. Ke5 Nf7+ 53. Kf4 Ng5 54. Qg8+ Kf6 55.
Qf8+ Kg6 56. Qe8+ Kf6 57. Qc6+ Kg7 58. Kxf5 1-0

[Event "Late-Titled-Tuesday-Blitz-March-19-2024"]
[Site "Chess.com"]
[Date "2024.03.19"]
[Round "8"]
[White "Nicolik"]
[Black "thesupera12"]
[Result "1/2-1/2"]
[WhiteElo "2524"]
[BlackElo "2441"]
[TimeControl "180+1"]
[EndTime "15:28:30 PDT"]
[Termination "Game drawn - insufficient material"]

1. d4 d6 2. e4 g6 3. Nc3 Bg7 4. f4 c5 5. dxc5 Qa5 6. Bd2 Qxc5 7. Nf3 Nf6 8. Bb5+ Bd7 9. a4 O-O 10. Ke2 a6 11. Bd3 Nc6 12. Be3 Qa5 13. h3 Rac8 14.
g4 Nb4 15. Qd2 Nxd3 16. cxd3 Rc7 17. Rhc1 Rfc8 18. Rc2 Bxa4 19. Bd4 Qb4 20. Rcc1 Bb5 21. g5 Nh5 22. Nd5 Qxd2+ 23. Kxd2 Rxc1 24. Rxc1 Rxc1 25. Kxc1 e6 26. Nf6+ Bxf6 27. Bxf6 Bxd3 28. e5 dxe5 29. Nxe5 Nxf4 30. Kd2 Bf5 31. h4 Ng2 32. Nf3 Be4 33.
Ne5 Nxh4 34. Ke3 Bc6 35. Kd4 Nf3+ 36. Nxf3 Bxf3 37. Ke5 Bd5 38. Be7 h5 39. gxh6 Kh7 40. Bg5 a5 41. Kf6 b5 42. Kxf7 e5+ 43. Kf6 e4 44. Ke5 Bc6 45. Kd4 b4 46. Kc4 Bd7 47.
Bd8 a4 48. Kxb4 Kxh6 49. Kc4 Kh5 50. Kd4 Bc6 51. Ke3 Kg4 52. Bc7 g5 53. Kf2 Kf5 54.
Bb8 Kg4 55. Bc7 Bd5 56. Bb8 Bc4 57. Bc7 Bd3 58. Bb8 Kf5 59. Bc7 Ke6 60. Bb8 Kd7 61.
Be5 Kc6 62. Ke3 Kd5 63. Bb8 Kc4 64. Be5 Kb3 65. Kd2 g4 66. Ke3 g3 67. Bxg3 Kxb2 68. Be5+ Kb3 69. Kd2 a3 70. Bd4 Ka2 71. Kc1 Bc4 72.
Be3 Kb3 73. Kb1 a2+ 74. Ka1 Kc2 75. Bb6 Kd3 76. Ba7 e3 77. Bxe3 Kxe3 78. Kb2 Ke4 79. Ka1 Kd5 80. Kb2 Kc6 81. Ka1 Kb5 82. Kb2 Ka4 83.
Ka1 Bb3 84. Kb2 Bc2 85. Ka1 Bb1 86. Kb2 a1=Q+ 87. Kxa1 1/2-1/2

[Event "Late-Titled-Tuesday-Blitz-March-19-2024"]
[Site "Chess.com"]
[Date "2024.03.19"]
[Round "8"]
[White "nabukatnezarr"]
[Black "I-Mesquita"]
[Result "0-1"]
[WhiteElo "2580"]
[BlackElo "2712"]
[TimeControl "180+1"]
[EndTime "15:28:32 PDT"]
[Termination "I-Mesquita won on time"]

1. Nf3 d5 2. g3 Nc6 3. d4 Bf5 4. Bg2 Nb4 5. O-O Bxc2 6. Qd2 e6 7. a3 Bxb1 8. Rxb1 Nc6 9. b4 Bd6 10. b5 Nce7 11. Qd3 Nf6 12. Nd2 O-O 13. e4 e5 14. dxe5 Bxe5 15. exd5 Nexd5 16. Nc4 Re8 17. Nxe5 Rxe5 18. Bb2 Re8 19. Rfd1 c6 20. bxc6 bxc6 21.
Bxf6 Qxf6 22. Bxd5 cxd5 23. Qxd5 h6 24. Kg2 Rac8 25.
Qf3 Qxf3+ 26. Kxf3 Rc3+ 27. Kg2 Rxa3 28. Rb7 a5 29. Rdd7 Rf8 30. Ra7 Ra2 31. Rd5 a4 32.
Rd4 a3 33. Rd3 Re8 34. Raxa3 Rb2 35. Rf3 Rb7 36. Rab3 Rbe7 37. Rbd3 g6 38. h4 h5 39.
Rd6 Kg7 40. Rdf6 Rd7 41. R6f4 Rc8 42. Re3 Rc6 43. Ref3 Rc2 44. Kh3 Rc1 45. Kh2 Rc2 46. Kg2 Re7 47. Rd4 Rc6 48. Rdd3 Rce6 49. Rd4 f6 50.
Rdf4 Rf7 51. Rd4 Rfe7 52. Rfd3 Kh6 53. Rd7 g5 54. Rxe7 Rxe7 55. hxg5+ fxg5 56. Rd6+ Kg7 57. f3 Re2+ 58. Kh3 Rf2 59. Rd3 Kf6 60. f4 g4+ 0-1

[Event "Late-Titled-Tuesday-Blitz-March-19-2024"]
[Site "Chess.com"]
[Date "2024.03.19"]
[Round "8"]
[White "HaryKane"]
[Black "andrzej"]
[Result "1/2-1/2"]
[WhiteElo "2586"]
[BlackElo "2514"]
[TimeControl "180+1"]
[EndTime "15:28:32 PDT"]
[Termination "Game drawn - insufficient material"]

1. d4 d5 2. Nf3 Nf6 3. g3 c5 4. c3 e6 5. Bg2 Nc6 6. O-O Bd7 7.
Nbd2 cxd4 8. cxd4 Qb6 9. e3 Rc8 10. a3 Na5 11. b4 Nc4 12. Nxc4 Rxc4 13. Ne5 Rc8 14. Nxd7 Nxd7 15. Bd2 Be7 16. Qb3 O-O 17. a4 a5 18. b5 Rc4 19. Rfc1 Rfc8 20. Bf1 R4c7 21.
Rxc7 Rxc7 22. Rc1 Bd6 23. Bd3 h5 24. Qd1 g6 25. Qe1 Rxc1 26. Qxc1 Qc7 27. Qb1 b6 28.
Bxg6 fxg6 29. Qxg6+ Kf8 30. e4 dxe4 31. Qxe6 Be7 32.
Qg6 Bf6 33. Bh6+ Ke7 34. Qxe4+ Kd8 35. Be3 Qd6 36. h4 Bg7 37. Bg5+ Kc8 38. Qe8+ Kb7 39.
Qxh5 Qxd4 40. Qf3+ Ka7 41. Qc6 Ne5 42. Qc7+ Ka8 43.
Be3 Nf3+ 44. Kg2 Qd5 45. Qc6+ Qxc6 46. bxc6 Ne5 47. Bxb6 Nxc6 48. h5 Kb7 49. Be3 Ne5 50.
h6 Bf8 51. f3 Nc4 52. Bf4 Nb6 53. g4 Nxa4 54. g5 Nc5 55. g6 Ne6 56. Be3 a4 57. g7 Nxg7 58. hxg7 Bxg7 59. Bc1 Kc6 60. Kg3 Kb5 61.
Kg4 Kc4 62. f4 Kb3 63. f5 Bb2 64.
Bxb2 Kxb2 65. f6 a3 66. f7 a2 67. f8=Q a1=Q 68. Qf6+ Kb1 69. Qxa1+ Kxa1 1/2-1/2

[Event "Late-Titled-Tuesday-Blitz-March-19-2024"]
[Site "Chess.com"]
[Date "2024.03.19"]
[Round "8"]
[White "Godzillator"]
[Black "David_ATM"]
[Result "1-0"]
[WhiteElo "2406"]
[BlackElo "2316"]
[TimeControl "180+1"]
[EndTime "15:28:36 PDT"]
[Termination "Godzillator won on time"]

1. c4 c6 2. Nc3 Nf6 3. d4 d5 4. cxd5 Nxd5 5. e4 Nxc3 6. bxc3 e5 7. Be3 exd4 8. Bxd4 c5 9. Be3 Qxd1+ 10. Rxd1 Be6 11. Bb5+ Nc6 12. Nf3 f6 13. a4 Rc8 14.
e5 Be7 15. exf6 gxf6 16. O-O a6 17. Bxc6+ Rxc6 18. a5 Kf7 19. Rfe1 Rd8 20. Rb1 Rd7 21. h3 Bd8 22. Ra1 Rd3 23. Rec1 Rd5 24. Nd2 c4 25. Ne4 Rxa5 26. Rab1 Bc8 27. Bf4 Bc7 28. Bxc7 Rxc7 29. Nd6+ Kg6 30. Nxc8 Rxc8 31. Rxb7 Rd8 32. Rc7 Rd2 33.
Rxc4 Raa2 34. Rf4 a5 35. c4 a4 36. c5 a3 37. c6 Rac2 38. Rxc2 Rxc2 39. Ra4 a2 40. c7 Rc1+ 41. Kh2 Rxc7 42. Rxa2 h5 43. h4 Rc4 44. Kh3 Rc3+ 45. f3 Rc4 46. Kg3 Rb4 47. Ra8 Rc4 48. Rg8+ Kf7 49. Rh8 Kg6 50. Kf2 Rc2+ 51. Ke3 Rc4 52. Rg8+ Kf7 53. Rd8 Rxh4 54.
g3 Rh1 55. Kf4 Ra1 56. Rd7+ Kg6 57. Rd4 Ra5 58. Rb4 Rf5+ 59. Ke4 Re5+ 60. Kd4 Rg5 61.
Ke3 Rxg3 62. Kf4 Rg5 63. Rb8 Rf5+ 64. Kg3 Rg5+ 65. Kh3 Kf5 66. Rb4 Ke5 67. f4+ Kf5 68. fxg5 fxg5 69. Rb8 Kg6 70. Rg8+ Kf6 71. Kg3 Kf5 72. Kf3 1-0